AoeStats
← zagor

Oasis

509184906Analyzed
4v4 RM · 6d ago on Sep 25, 2026· 74m 12s· 8 players
Game mode
Random Map
Map size
Large (8 player)
Population
200
Speed
Normal
Resources
Standard
Victory
Conquest
Starting age
Dark Age
Ending age
Imperial Age
RankedLock teamsTeams togetherTeam positionsShared explorationLock speedFull tech treeHidden civsTurbo modeCheats
Victory
Defeat
🇷🇴 Cumans · Romania
957
+10
🇹🇷 Franks · Türkiye
809
+16
🇹🇷 Romans · Türkiye
785
+17
🇷🇴 Bulgarians · Romania
776
+16
🇬🇧 Saracens · United Kingdom
814
-15
🇪🇨 Malians · Ecuador
813
-15
🇺🇸 Aztecs · United States
809
-15
🇪🇸 Khmer · Spain
793
-14
favagrossa1
13:54 Feudal Age
17:35 Double-Bit Axe
20:16 Gold Mining
20:07 Horse Collar
21:21 Loom
25:39 Castle Age
24:01 Fletching
25:42 Stone Mining
27:17 Heavy Plow
27:34 Forging
27:42 Bow Saw
28:01 Bloodlines
28:19 Husbandry
31:24 Iron Casting
31:53 Scale Barding Armor
33:39 Wheelbarrow
34:43 Chain Barding Armor
39:19 Imperial Age
39:25 Masonry
39:26 Heavy Camel Rider
41:09 Chemistry
41:13 Blast Furnace
41:27 Gold Shaft Mining
43:48 Pikeman
45:10 Plate Barding Armor
44:35 Scale Mail Armor
46:46 Conscription
47:55 Hand Cart
47:57 Chain Mail Armor
50:11 Squires
52:03 Hoardings
53:14 Arson
53:53 Caravan
59:59 Plate Mail Armor
59:25 Bodkin Arrow
62:14 Elite Skirmisher
64:30 Bracer
66:10 Town Watch
67:28 Two-Man Saw
Lord Tico
12:40 Feudal Age
11:01 Loom
17:11 Castle Age
15:46 Double-Bit Axe
17:25 Bloodlines
24:14 Wheelbarrow
26:49 Fletching
27:07 Scale Barding Armor
37:41 Chain Barding Armor
37:29 Horse Collar
38:56 Padded Archer Armor
40:57 Bodkin Arrow
41:03 Gold Mining
49:46 Imperial Age
47:48 Ballistics
51:46 Chemistry
51:13 Leather Archer Armor
51:57 Tusk Swords
55:32 Elite Ballista Elephant
57:38 Heavy Scorpion
62:23 Scale Mail Armor
62:34 Forging
62:44 Cavalier
66:39 Bow Saw
69:48 Husbandry
72:32 Plate Barding Armor
Cowabunga please
13:08 Feudal Age
16:49 Castle Age
14:40 Loom
14:43 Double-Bit Axe
14:42 Horse Collar
27:13 Wheelbarrow
28:08 Gold Mining
29:40 Gambesons
29:57 Squires
32:29 Imperial Age
29:48 Arson
30:16 Man-at-Arms
31:48 Scale Mail Armor
31:56 Long Swordsman
32:40 Two-Handed Swordsman
34:24 Forging
35:13 Ballistics
35:12 Elite Skirmisher
36:39 Chain Mail Armor
36:51 Fletching
37:39 Hand Cart
37:09 Town Watch
38:28 Chemistry
38:13 Conscription
38:46 Bow Saw
38:39 Heavy Plow
38:42 Champion
40:13 Iron Casting
40:13 Padded Archer Armor
40:25 Siege Engineers
41:27 Garland Wars
44:49 Plate Mail Armor
45:19 Blast Furnace
45:10 Caravan
46:13 Bodkin Arrow
46:44 Onager
51:06 Crop Rotation
50:39 Bracer
50:37 Murder Holes
50:15 Elite Jaguar Warrior
52:57 Fortified Wall
52:47 Pikeman
59:09 Leather Archer Armor
Lord Nono
12:23 Feudal Age
16:48 Castle Age
15:13 Double-Bit Axe
16:25 Gold Mining
16:19 Horse Collar
21:49 Forging
21:35 Fletching
23:25 Stone Mining
27:57 Forging
27:48 Scale Mail Armor
27:49 Padded Archer Armor
29:37 Ballistics
29:16 Murder Holes
32:39 Chain Mail Armor
33:00 Iron Casting
32:41 Leather Archer Armor
32:22 Bodkin Arrow
36:34 Imperial Age
37:14 Scale Barding Armor
39:07 Elite Gbeto
41:48 Chemistry
YK@
6:18 Loom
6:40 Loom
9:27 Feudal Age
17:59 Castle Age
18:03 Double-Bit Axe
23:26 Horse Collar
24:56 Heavy Plow
26:27 Wheelbarrow
26:40 Bow Saw
27:40 Fletching
28:47 Hand Cart
31:11 Imperial Age
28:33 Capped Ram
29:41 Bloodlines
31:30 Forging
31:26 Scale Barding Armor
31:28 Elite Steppe Lancer
32:16 Fletching
34:12 Masonry
37:15 Chemistry
36:36 Ballistics
38:44 Iron Casting
40:15 Blast Furnace
39:59 Chain Barding Armor
40:41 Town Watch
42:51 Town Patrol
43:33 Plate Barding Armor
46:48 Caravan
47:18 Coinage
46:58 Guilds
47:50 Conscription
48:24 Guilds
49:41 Bodkin Arrow
49:46 Padded Archer Armor
51:21 Parthian Tactics
51:02 Thumb Ring
50:20 Heavy Cavalry Archer
52:55 Two-Man Saw
55:48 Leather Archer Armor
57:37 Ring Archer Armor
64:32 Siege Ram
68:45 Town Patrol
69:20 Banking
69:44 Town Patrol
savabogdi
9:35 Feudal Age
10:21 Horse Collar
10:45 Double-Bit Axe
18:06 Castle Age
18:46 Forging
18:37 Scale Mail Armor
21:12 Gambesons
23:23 Bow Saw
23:18 Heavy Plow
23:10 Arson
23:32 Gold Mining
24:15 Stone Mining
25:45 Wheelbarrow
25:25 Town Watch
28:55 Iron Casting
29:33 Squires
28:58 Pikeman
32:33 Chain Mail Armor
50:16 Scale Barding Armor
51:24 Stirrups
56:31 Imperial Age
57:40 Conscription
58:30 Blast Furnace
57:50 Chain Barding Armor
72:10 Gold Shaft Mining
zagor
0:32 Loom
12:33 Feudal Age
17:15 Castle Age
15:37 Horse Collar
15:57 Stone Mining
16:07 Gold Mining
16:16 Gold Mining
19:17 Wheelbarrow
18:46 Heavy Plow
19:35 Gold Shaft Mining
20:50 Double-Bit Axe
21:47 Bow Saw
23:52 Hand Cart
37:16 Imperial Age
35:36 Ballistas
35:39 Padded Archer Armor
35:50 Forging
35:44 Scale Mail Armor
36:02 Squires
35:27 Man-at-Arms
37:12 Leather Archer Armor
36:49 Fletching
37:41 Ballistics
39:25 Crop Rotation
39:27 Caravan
40:00 Chain Mail Armor
41:12 Chemistry
40:53 Conscription
41:21 Coinage
40:21 Long Swordsman
41:48 Murder Holes
42:05 Masonry
42:33 Heavy Scorpion
42:59 Pikeman
45:34 Ring Archer Armor
45:41 Iron Casting
45:02 Bodkin Arrow
46:24 Legionary
48:58 Architecture
49:38 Blast Furnace
48:49 Halberdier
52:15 Capped Ram
53:55 Comitatenses
54:39 Siege Ram
yeniçeri
0:30 Loom
12:18 Feudal Age
16:57 Castle Age
15:37 Double-Bit Axe
15:52 Gold Mining
18:47 Wheelbarrow
20:03 Bow Saw
24:34 Gold Shaft Mining
26:02 Stone Mining
27:22 Hand Cart
26:53 Town Watch
29:27 Husbandry
32:47 Town Patrol
39:37 Imperial Age
38:21 Padded Archer Armor
38:12 Fletching
38:24 Scale Mail Armor
39:41 Masonry
39:51 Leather Archer Armor
39:53 Caravan
40:00 Ordonnance Companies
41:02 Conscription
42:45 Chemistry
42:18 Architecture
42:14 Cavalier
43:33 Chivalry
45:41 Hoardings
44:27 Elite Throwing Axeman
45:32 Ballistics
44:53 Treadmill Crane
45:30 Chain Mail Armor
45:26 Forging
45:22 Scale Barding Armor
47:24 Paladin
54:13 Heavy Scorpion
54:55 Elite Skirmisher
56:23 Light Cavalry
58:25 Coinage
64:22 Plate Mail Armor
64:27 Iron Casting
63:49 Bodkin Arrow
64:15 Chain Barding Armor
64:07 Fortified Wall
63:43 Arrowslits
63:50 Guard Tower
64:06 Siphons
64:12 Clinker Construction
64:14 Careening
65:00 Banking
71:04 Plate Barding Armor
71:31 Blast Furnace
70:28 Murder Holes
70:55 Carvel Hull
70:55 Dry Dock
70:42 Siege Engineers
Connection lost

Rejoining the realm…

Still unreachable

The connection could not be restored.

Session expired

The server has moved on; the page needs a fresh start.